[Event "Titled Tuesday Blitz November 08 Late 2022"]
[White "Makridis, Dimitrios"]
[Black "Krishnan, Varun"]
[WhiteFideId "25864475"]
[BlackFideId "5054508"]
[WhiteElo "2272"]
[BlackElo "2534"]
[Result "1-0"]
[Round "02"]
[TimeControl "180+1"]
[Date "2022.11.09"]
[WhiteClock "0:01:22"]
[BlackClock "0:00:01"]

1. a3 e5 2. b4 d5 3. Bb2 Bd6 4. e3 Ne7 5. c4 c6 6. Nf3 Ng6 7. d4 e4 8. Nfd2 O-O 9. h4 f5 10. h5 Ne7 11. g3 a5 12. cxd5 cxd5 13. h6 g5 14. bxa5 Nbc6 15. a6 bxa6 16. Nc3 Rb8 17. Rb1 f4 18. gxf4 gxf4 19. Qh5 Bf5 20. Rg1+ Bg6 21. Nxd5 Nxd5 22. Qxd5+ Kh8 23. Qxc6 fxe3 24. fxe3 Qh4+ 25. Kd1 Rbc8 26. d5+ Kg8 27. Qxd6 Rxf1+ 28. Nxf1 Qh5+ 29. Kd2 Rf8 30. Qe6+ Rf7 31. Rxg6+ hxg6 32. h7+ Qxh7 33. Rc1 Qh3 34. Rc8+ Kh7 35. Rh8# 1-0


[Site "https://www.chess.com"]

[Event "Titled Tuesday Blitz November 08 Late 2022"]
[White "Manelyuk, Daniil"]
[Black "Luxama, Jacques Muller"]
[WhiteFideId "44173920"]
[BlackFideId "11900113"]
[WhiteElo "2209"]
[BlackElo "1931"]
[Result "1-0"]
[Round "02"]
[TimeControl "180+1"]
[Date "2022.11.09"]
[WhiteClock "0:00:33"]
[BlackClock "0:00:07"]

1. e4 c5 2. Nf3 d6 3. d4 cxd4 4. Nxd4 Nf6 5. Nc3 a6 6. f3 e5 7. Nb3 Be7 8. Be3 h5 9. Qd2 Be6 10. Nd5 Bxd5 11. exd5 Nbd7 12. Be2 Qc7 13. c4 b6 14. O-O a5 15. a4 O-O 16. Nc1 Nc5 17. Qc2 Rfe8 18. Na2 Bf8 19. Nc3 g6 20. Nb5 Qd7 21. Bxc5 bxc5 22. Bd3 Bg7 23. Rae1 Re7 24. b3 Rae8 25. Qd2 Ra8 26. Re2 Kh7 27. Rfe1 Bh6 28. Qc2 Ng8 29. g3 f5 30. Kg2 Nf6 31. Qc3 Bg7 32. Bc2 e4 33. fxe4 Nxe4 34. Qf3 Rae8 35. Bxe4 fxe4 36. Rxe4 Rxe4 37. Rxe4 Rxe4 38. Qxe4 Be5 39. Qf3 Kg7 40. Nc3 Qf5 41. Qxf5 gxf5 42. Nb5 Kf6 43. Kf3 Kg5 44. Nc7 Kf6 45. Ne6 Kf7 46. Nf4 h4 47. gxh4 Kf6 48. h5 Kg5 49. h3 Bxf4 50. h4+ Kxh5 51. Kxf4 Kxh4 52. Kxf5 Kg3 53. Ke6 Kf3 54. Kxd6 Ke3 55. Kxc5 Kd3 56. d6 Kc3 57. d7 Kxb3 58. d8=Q Kxa4 59. Qd1+ Ka3 60. Qa1+ Kb3 61. Qxa5 Kc2 62. Kb5 1-0


[Site "https://www.chess.com"]

[Event "Titled Tuesday Blitz November 08 Late 2022"]
[White "Marcolino, Daniel Mattos"]
[Black "Sivakumar, Shaaketh"]
[WhiteFideId "2106841"]
[BlackFideId "30940176"]
[WhiteElo "2098"]
[BlackElo "2174"]
[Result "0-1"]
[Round "02"]
[TimeControl "180+1"]
[Date "2022.11.09"]
[WhiteClock "0:01:14"]
[BlackClock "0:00:52"]

1. d4 e6 2. Nf3 d5 3. g3 Nf6 4. Bg2 c5 5. O-O cxd4 6. Nxd4 Nc6 7. c4 Bc5 8. Nb3 Be7 9. cxd5 exd5 10. Nd4 O-O 11. Nc3 Nxd4 12. Qxd4 Be6 13. b3 Rc8 14. Bb2 Bc5 15. Qd3 Qd7 16. e3 Rfd8 17. Rac1 Bf5 18. Qd2 d4 19. exd4 Bxd4 20. Rfd1 Bg4 21. Ne2 Bxf2+ 22. Kxf2 Qxd2 23. Rxd2 Rxd2 24. Rxc8+ Bxc8 25. Bxf6 Bg4 26. Bf3 Bxf3 27. Kxf3 gxf6 28. a4 Rb2 29. Nd4 Rxh2 0-1


[Site "https://www.chess.com"]

[Event "Titled Tuesday Blitz November 08 Late 2022"]
[White "Martinez Alcantara, Jose Eduardo"]
[Black "Al-Tarboush, Ward"]
[WhiteFideId "3805662"]
[BlackFideId "7601450"]
[WhiteElo "2705"]
[BlackElo "2273"]
[Result "0-1"]
[Round "02"]
[TimeControl "180+1"]
[Date "2022.11.08"]
[WhiteClock "0:00:16"]
[BlackClock "0:00:14"]

1. e4 e6 2. d4 d5 3. exd5 exd5 4. Nf3 Bg4 5. Qe2+ Qe7 6. Be3 Nc6 7. c3 O-O-O 8. h3 Bf5 9. Nbd2 Nf6 10. Qb5 Ne4 11. Qa4 Ng3 12. Rg1 Nxf1 13. Rxf1 Bd3 14. Rg1 h6 15. O-O-O g5 16. Rge1 Qd7 17. Nb3 Bg6 18. g4 f5 19. Nc5 Bxc5 20. dxc5 f4 21. Bd4 Rhe8 22. Nd2 Kb8 23. Qb3 Rxe1 24. Rxe1 Re8 25. Qd1 Bh7 26. Nf3 Qf7 27. Kd2 Re4 28. Qb3 Qg6 29. Rxe4 Qxe4 30. Qd1 a6 31. b3 Bg6 32. Bg7 Qe7 33. Bd4 h5 34. Qe2 Qd8 35. Ne5 Nxe5 36. Qxe5 hxg4 37. hxg4 Be4 38. c6 bxc6 39. Qe6 Qd6 40. Qg8+ Kb7 41. Qxg5 f3 42. Be3 Qa3 43. Ke1 Qxa2 44. Bd2 Qb1+ 45. Bc1 Qc2 46. Qd2 Qxb3 47. Kf1 Qc4+ 48. Kg1 Bd3 49. Qg5 Qe4 50. Kh2 Qe1 51. Be3 Qf1 52. Kg3 Qg2+ 53. Kf4 Qh2+ 54. Kxf3 Be4+ 55. Ke2 Qg2 56. Qf4 Qh1 57. f3 Qg2+ 58. Bf2 Bc2 59. Qe3 Qh1 60. Qa7+ Kc8 61. Qxa6+ Kd7 62. Ke3 Qc1+ 63. Kd4 Qd2+ 64. Ke5 Qxf2 65. Kf4 Qd2+ 66. Kg3 Qe1+ 67. Kf4 Qd2+ 68. Kg3 Qe1+ 69. Kf4 Qxc3 70. Qa8 Qf6+ 71. Kg3 Qe5+ 72. Kf2 Qe8 73. Qa2 Bg6 74. Qd2 Qe5 75. Qh6 Qd4+ 76. Kg3 Qe5+ 77. f4 Qe3+ 78. Kh4 Qf2+ 79. Kg5 Be4 80. Qg7+ Kc8 81. Qf8+ Kb7 82. Qb4+ Qb6 83. Qe7 Qd4 84. f5 Qe3+ 85. Kg6 Bxf5+ 86. Kf6 Qxe7+ 87. Kxe7 Bxg4 88. Kf6 d4 89. Ke5 d3 90. Kf4 d2 91. Ke3 d1=Q 92. Kf4 Qf3+ 93. Kg5 Qf5+ 94. Kh4 Bd1 95. Kg3 Qf3+ 96. Kh2 Qg4 97. Kh1 Bf3+ 98. Kh2 Qg2# 0-1


[Site "https://www.chess.com"]

[Event "Titled Tuesday Blitz November 08 Late 2022"]
[White "Maze, Sebastien"]
[Black "Bortnyk, Olexandr"]
[WhiteFideId "613762"]
[BlackFideId "14120828"]
[WhiteElo "2430"]
[BlackElo "2723"]
[Result "0-1"]
[Round "02"]
[TimeControl "180+1"]
[Date "2022.11.08"]
[WhiteClock "0:00:08"]
[BlackClock "0:01:19"]

1. e4 Nf6 2. e5 Nd5 3. d4 d6 4. c4 Nb6 5. exd6 exd6 6. Nc3 Be7 7. Be3 O-O 8. Bd3 Nc6 9. Nge2 Bg4 10. f3 Bh4+ 11. Bf2 Bxf2+ 12. Kxf2 Bh5 13. b3 Qh4+ 14. g3 Qf6 15. Be4 Rae8 16. Qd3 Nb4 17. Bxh7+ Kh8 18. Qf5 Qh6 19. Nf4 g6 20. Qb5 Kxh7 21. Qxb4 Bxf3 22. Kxf3 g5 23. Ncd5 Nxd5 24. Nxd5 Qh5+ 25. g4 Qh3+ 26. Kf2 f5 27. Qd2 fxg4+ 28. Kg1 c6 29. Nc3 Re3 30. Qc2+ Kg7 31. Ne4 Re8 32. Nf2 Re1+ 0-1


[Site "https://www.chess.com"]

[Event "Titled Tuesday Blitz November 08 Late 2022"]
[White "Mazurkiewicz, Michal"]
[Black "Bazeev, German"]
[WhiteFideId "1124943"]
[BlackFideId "24119350"]
[WhiteElo "2063"]
[BlackElo "2493"]
[Result "0-1"]
[Round "02"]
[TimeControl "180+1"]
[Date "2022.11.09"]
[WhiteClock "0:00:02"]
[BlackClock "0:00:55"]

1. e4 c5 2. Nf3 Nf6 3. d3 Nc6 4. g3 d5 5. Nbd2 Bg4 6. h3 Bxf3 7. Qxf3 e6 8. c3 Be7 9. Bg2 Ne5 10. Qe2 dxe4 11. dxe4 Nd3+ 12. Kf1 O-O 13. e5 Nxc1 14. Rxc1 Nd5 15. Ne4 Qa5 16. a3 Rad8 17. Kg1 Qc7 18. f4 c4 19. Kh2 b5 20. Rcd1 Nb6 21. h4 Na4 22. h5 a6 23. h6 g6 24. Rhf1 Rd3 25. Rxd3 cxd3 26. Qxd3 Nxb2 27. Qe2 Nc4 28. Rd1 Rd8 29. g4 g5 30. Rxd8+ Bxd8 31. Nxg5 Bxg5 32. fxg5 Nxe5 33. Kh3 Qxc3+ 34. Kh2 Qc7 35. Kg1 Qc5+ 36. Kh2 Qd4 37. Qc2 Nc4 0-1


[Site "https://www.chess.com"]

[Event "Titled Tuesday Blitz November 08 Late 2022"]
[White "Mikhailov, Viacheslav"]
[Black "Ferreira, Vitor Hugo Vieira"]
[WhiteFideId "4187369"]
[BlackFideId "2119765"]
[WhiteElo "2381"]
[BlackElo "2168"]
[Result "1-0"]
[Round "02"]
[TimeControl "180+1"]
[Date "2022.11.09"]
[WhiteClock "0:00:12"]
[BlackClock "0:00:15"]

1. Nf3 Nf6 2. g3 d5 3. Bg2 Bg4 4. O-O Nbd7 5. c4 e6 6. d4 c6 7. Nc3 Bd6 8. Qb3 Qb6 9. c5 Qxb3 10. axb3 Bc7 11. b4 a6 12. b5 cxb5 13. Nxb5 Bb8 14. Bf4 O-O 15. Nd6 Bxd6 16. Bxd6 Rfc8 17. b4 Ne4 18. Rfc1 Nxd6 19. cxd6 Bxf3 20. Bxf3 f5 21. e3 Nb6 22. Rc5 Nc4 23. b5 Nxd6 24. bxa6 Rxa6 25. Rxa6 bxa6 26. Ra5 Rc6 27. Kg2 Kf8 28. Be2 Nc4 29. Ra4 Ke7 30. Kf1 Kd6 31. Ke1 Kc7 32. Bxc4 dxc4 33. Kd2 Kd6 34. Ra5 Rb6 35. Kc3 Rb1 36. Kxc4 Rb2 37. Rxa6+ Ke7 38. f3 Rxh2 39. e4 fxe4 40. fxe4 Rg2 41. Ra7+ Kf6 42. e5+ Kg6 43. Re7 Rxg3 44. Rxe6+ Kf5 45. Re8 h5 46. Kd5 h4 47. Rf8+ Kg4 48. e6 Re3 49. Kd6 h3 50. e7 h2 51. Rh8 Kg3 52. Kd7 g5 53. e8=Q Rxe8 54. Kxe8 g4 55. d5 Kg2 56. d6 g3 57. d7 h1=Q 58. Rxh1 Kxh1 59. d8=Q g2 60. Qh4+ Kg1 61. Ke7 Kf1 62. Qf4+ Ke2 63. Qg3 Kf1 64. Qf3+ 1-0


[Site "https://www.chess.com"]

[Event "Titled Tuesday Blitz November 08 Late 2022"]
[White "Milikow, Yoav"]
[Black "Martic, Ivan"]
[WhiteFideId "2822237"]
[BlackFideId "929301"]
[WhiteElo "2832"]
[BlackElo "2559"]
[Result "1-0"]
[Round "02"]
[TimeControl "180+1"]
[Date "2022.11.09"]
[WhiteClock "0:00:32"]
[BlackClock "0:00:28"]

1. d4 Nf6 2. c4 g6 3. g3 Bg7 4. Bg2 d5 5. cxd5 Nxd5 6. e4 Nb6 7. Ne2 O-O 8. O-O Nc6 9. d5 Na5 10. Nbc3 c6 11. Bf4 cxd5 12. exd5 Nac4 13. b3 Nd6 14. a4 Bg4 15. f3 Bd7 16. a5 Nbc8 17. Qd2 Re8 18. Bh6 Bh8 19. Be3 Nf5 20. Bf2 Ncd6 21. g4 Ng7 22. Rfe1 h5 23. h3 hxg4 24. hxg4 e5 25. Bc5 Qc7 26. Be3 f5 27. Rec1 Qd8 28. Bc5 Nf7 29. gxf5 gxf5 30. Bf2 Nh5 31. Na4 Bf6 32. Nc5 Bg5 33. Qb4 Bxc1 34. Rxc1 Rb8 35. Bh4 Ng5 36. Nxd7 Qxd7 37. Bxg5 Qg7 38. Qh4 Qg6 39. Rc7 Kh8 40. Ng3 Rg8 41. Bf6+ Qxf6 42. Qxh5+ 1-0


[Site "https://www.chess.com"]

[Event "Titled Tuesday Blitz November 08 Late 2022"]
[White "Milosevic, Milos"]
[Black "Guimaraes, Marcelo Cunha"]
[WhiteFideId "964875"]
[BlackFideId "2118068"]
[WhiteElo "2321"]
[BlackElo "2108"]
[Result "1-0"]
[Round "02"]
[TimeControl "180+1"]
[Date "2022.11.09"]
[WhiteClock "0:00:09"]
[BlackClock "0:00:37"]

1. e4 c5 2. h4 Nc6 3. Nf3 Nf6 4. Nc3 e6 5. a3 Be7 6. d4 cxd4 7. Nxd4 O-O 8. h5 d5 9. Nxc6 bxc6 10. h6 g6 11. Qf3 d4 12. Ne2 c5 13. Ng3 Bb7 14. Bd3 Nd7 15. Qe2 Ne5 16. f4 Nxd3+ 17. cxd3 f5 18. O-O Qc7 19. Bd2 Bh4 20. Rf3 Rae8 21. Rc1 Qb6 22. b4 Be7 23. bxc5 Bxc5 24. a4 a5 25. Rff1 Bb4 26. Bxb4 axb4 27. Rc4 Ba6 28. Rc2 Rc8 29. Rb2 Rc3 30. exf5 exf5 31. Rd1 b3 32. Qe5 Qf6 33. Ne2 Qxe5 34. fxe5 Rb8 35. Nxd4 Rxd3 36. Rxd3 Bxd3 37. Rxb3 Rxb3 38. Nxb3 Kf7 39. Nc5 Bc4 40. a5 Ke7 41. Kf2 1-0


[Site "https://www.chess.com"]

[Event "Titled Tuesday Blitz November 08 Late 2022"]
[White "Moskvin, Anatoly"]
[Black "Leiva, Gianmarco"]
[WhiteFideId "24199990"]
[BlackFideId "3804399"]
[WhiteElo "2079"]
[BlackElo "2286"]
[Result "1-0"]
[Round "02"]
[TimeControl "180+1"]
[Date "2022.11.09"]
[WhiteClock "0:00:13"]
[BlackClock "0:00:01"]

1. e4 c5 2. Nf3 d6 3. d4 cxd4 4. Nxd4 Nf6 5. f3 e5 6. Bb5+ Nbd7 7. Ne2 a6 8. Bxd7+ Bxd7 9. Bg5 Be7 10. Bxf6 gxf6 11. Nbc3 f5 12. Nd5 O-O 13. O-O Kh8 14. Nec3 Bg5 15. Qd3 Rc8 16. exf5 b5 17. f4 Bh6 18. fxe5 dxe5 19. a3 Rc4 20. Qe2 f6 21. Rad1 Qe8 22. Nb6 Rc7 23. Nxd7 Rxd7 24. Rxd7 Qxd7 25. Rd1 Qxf5 26. g3 Rc8 27. Rf1 Qe6 28. Qe4 Rc4 29. Qa8+ Rc8 30. Qf3 Bg7 31. Qe4 a5 32. Rd1 Bf8 33. Nd5 Rd8 34. Kg2 f5 35. Qd3 Bc5 36. c4 e4 37. Qc3+ Kg8 38. Nf6+ Qxf6 39. Qxf6 Rxd1 40. Qg5+ Kh8 41. Qxf5 Rd2+ 42. Kh3 Bd4 43. Qf8# 1-0


[Site "https://www.chess.com"]

[Event "Titled Tuesday Blitz November 08 Late 2022"]
[White "O`Gorman, Tom"]
[Black "Yano, William Jorge Froes"]
[WhiteFideId "2508249"]
[BlackFideId "2112949"]
[WhiteElo "2271"]
[BlackElo "2122"]
[Result "1-0"]
[Round "02"]
[TimeControl "180+1"]
[Date "2022.11.09"]
[WhiteClock "0:01:13"]
[BlackClock "0:00:16"]

1. e4 e6 2. Nf3 d5 3. Nc3 Nf6 4. e5 Nfd7 5. d4 c5 6. dxc5 Nc6 7. Bf4 Nxc5 8. Qd2 Be7 9. h4 a6 10. Be2 Bd7 11. O-O-O Qa5 12. Kb1 O-O-O 13. Rh3 Kb8 14. Nxd5 exd5 15. e6+ Kc8 16. exd7+ Rxd7 17. Qxa5 Nxa5 18. Ne5 Ne6 19. Bh2 Rhd8 20. Nxd7 Rxd7 21. Rhd3 d4 22. Bg4 Nc6 23. h5 g6 24. hxg6 hxg6 25. c3 f5 26. Bf3 Bf6 27. Re1 Nc5 28. Rdd1 d3 29. Re8+ Nd8 30. Be5 Bxe5 31. Rxe5 b6 32. Rd5 Nde6 33. Rxd7 Kxd7 34. b4 Na4 35. Rxd3+ Ke7 36. Kc2 b5 37. Bb7 Nf4 38. Re3+ Kd6 39. g3 Nd5 40. Rd3 Nb6 41. Kb3 Ke5 42. Bxd5 Nxd5 43. c4 bxc4+ 44. Kxc4 Nf6 45. Re3+ Kd6 46. Ra3 Ne4 47. Rxa6+ Ke5 48. Rxg6 Nxf2 49. a4 Nd1 50. a5 Ne3+ 51. Kc5 Nd5 52. a6 Ne7 53. Rg7 Nc8 54. a7 Nd6 55. a8=Q 1-0


[Site "https://www.chess.com"]

[Event "Titled Tuesday Blitz November 08 Late 2022"]
[White "Oglaza, Oskar"]
[Black "Martinez Reyes, Pedro Ramon"]
[WhiteFideId "1194402"]
[BlackFideId "3901807"]
[WhiteElo "2204"]
[BlackElo "2354"]
[Result "1-0"]
[Round "02"]
[TimeControl "180+1"]
[Date "2022.11.09"]
[WhiteClock "0:00:45"]
[BlackClock "0:01:02"]

1. e4 c6 2. d4 d5 3. Nc3 dxe4 4. Nxe4 Nf6 5. Nxf6+ exf6 6. c3 Bd6 7. Bd3 O-O 8. Qc2 Re8+ 9. Ne2 h5 10. O-O Na6 11. Ng3 h4 12. Nh5 Bc7 13. Qd2 h3 14. Nxg7 Qd5 15. f3 Rd8 16. Qh6 f5 17. Nh5 Bxh2+ 18. Kh1 hxg2+ 19. Kxg2 Be5 20. dxe5 Qxe5 21. Nf6+ Qxf6 22. Qxf6 1-0


[Site "https://www.chess.com"]

[Event "Titled Tuesday Blitz November 08 Late 2022"]
[White "Pakleza, Zbigniew"]
[Black "Poltorak, Sebastian"]
[WhiteFideId "1119290"]
[BlackFideId "1199498"]
[WhiteElo "2411"]
[BlackElo "2196"]
[Result "1-0"]
[Round "02"]
[TimeControl "180+1"]
[Date "2022.11.09"]
[WhiteClock "0:00:05"]
[BlackClock "0:00:03"]

1. d4 Nf6 2. Nf3 b6 3. Bf4 Bb7 4. e3 d6 5. h3 g6 6. Be2 Bg7 7. O-O O-O 8. Nbd2 Nfd7 9. Bh2 e5 10. a4 a6 11. c3 Nc6 12. Nc4 Qe7 13. Qb3 Kh8 14. Rfd1 h6 15. a5 b5 16. Ncd2 exd4 17. cxd4 Nd8 18. Rac1 c5 19. Bf1 Re8 20. Qa3 Rc8 21. Nb3 Bxf3 22. gxf3 c4 23. Nd2 d5 24. Qxe7 Rxe7 25. Ra1 Nc6 26. h4 Nf8 27. Bd6 Ree8 28. Bxf8 Bxf8 29. f4 Bb4 30. Bg2 Rcd8 31. Nf3 f6 32. h5 g5 33. fxg5 hxg5 34. Kh2 Nxa5 35. Bh3 Kg7 36. Bf5 Kh6 37. Bg6 Re6 38. Kg2 Nb3 39. Rab1 a5 40. Nh2 Kg7 41. Ng4 a4 42. Bf5 Ra6 43. h6+ Kh8 44. Rh1 Rf8 45. h7 a3 46. bxa3 Rxa3 47. Rh6 Ra6 48. Rbh1 Nd2 49. Rg6 Ne4 50. Nh6 Ra7 51. Rg8+ 1-0


[Site "https://www.chess.com"]

[Event "Titled Tuesday Blitz November 08 Late 2022"]
[White "Pap, Gyula"]
[Black "Han, Yichen"]
[WhiteFideId "725323"]
[BlackFideId "1054430"]
[WhiteElo "2519"]
[BlackElo "2323"]
[Result "1-0"]
[Round "02"]
[TimeControl "180+1"]
[Date "2022.11.08"]
[WhiteClock "0:00:31"]
[BlackClock "0:00:03"]

1. d4 g6 2. e4 Bg7 3. h4 d5 4. e5 h5 5. Nc3 c6 6. Nf3 Bg4 7. Be2 Nh6 8. Ng5 Bxe2 9. Nxe2 Nf5 10. e6 Nd6 11. exf7+ Nxf7 12. Ne6 Qd6 13. Nxg7+ Kf8 14. Bf4 Qf6 15. Nxh5 Rxh5 16. Qd2 g5 17. Be5 Nxe5 18. dxe5 Qxe5 19. O-O-O Rxh4 20. g3 Rxh1 21. Rxh1 Nd7 22. f4 Qg7 23. Nd4 Nc5 24. Qc3 b6 25. b4 gxf4 26. bxc5 Qf6 27. gxf4 bxc5 28. Qxc5 Rb8 29. Rf1 Kf7 30. Kd2 Rh8 31. Rf2 Rh6 32. Qxa7 Qh4 33. Nf3 Qf6 34. Ne5+ Kg7 35. Qe3 Rh4 36. Rg2+ Kh7 37. Qd3+ Kh8 38. Ng6+ Kh7 39. Nxh4+ 1-0


[Site "https://www.chess.com"]

[Event "Titled Tuesday Blitz November 08 Late 2022"]
[White "Papayan, Oleg"]
[Black "Shankland, Sam"]
[WhiteFideId "4193911"]
[BlackFideId "2004887"]
[WhiteElo "2153"]
[BlackElo "2612"]
[Result "0-1"]
[Round "02"]
[TimeControl "180+1"]
[Date "2022.11.09"]
[WhiteClock "0:00:10"]
[BlackClock "0:01:22"]

1. e4 c5 2. Nf3 d6 3. Bb5+ Bd7 4. Bxd7+ Nxd7 5. c4 Ngf6 6. Nc3 g6 7. d4 cxd4 8. Nxd4 Bg7 9. O-O O-O 10. Qe2 a6 11. Rd1 Rc8 12. Be3 Ne5 13. b3 b5 14. h3 bxc4 15. f4 Ned7 16. bxc4 e5 17. Nf3 exf4 18. Bxf4 Nh5 19. Bg5 Qa5 20. Nd5 Rfe8 21. Rab1 Qc5+ 22. Kh2 Ne5 23. Nd2 Nxc4 24. Nxc4 Qxc4 25. Qxc4 Rxc4 26. g4 Rc2+ 27. Rd2 Rxd2+ 28. Bxd2 Nf6 29. Nxf6+ Bxf6 30. Rb4 d5 31. Rb6 Be5+ 32. Kg2 dxe4 33. Rxa6 f5 34. gxf5 gxf5 35. Be3 f4 36. Bf2 f3+ 37. Kf1 Rb8 38. Rb6 Rc8 39. Rb1 Bf4 40. Re1 Rc4 41. Be3 Bxe3 42. Rxe3 Kf7 43. Kf2 Ke6 44. Kg3 Ke5 45. Rb3 Rc2 46. a4 Rg2+ 47. Kh4 f2 48. Rb1 Rg1 0-1


[Site "https://www.chess.com"]

[Event "Titled Tuesday Blitz November 08 Late 2022"]
[White "Paravyan, David"]
[Black "Aguilar, Juan"]
[WhiteFideId "4194985"]
[BlackFideId "3800091"]
[WhiteElo "2546"]
[BlackElo "2409"]
[Result "1-0"]
[Round "02"]
[TimeControl "180+1"]
[Date "2022.11.09"]
[WhiteClock "0:01:19"]
[BlackClock "0:00:18"]

1. e4 c5 2. Nf3 d6 3. d4 cxd4 4. Nxd4 Nf6 5. Nc3 a6 6. Bg5 e6 7. f4 h6 8. Bxf6 Qxf6 9. Qd2 g5 10. f5 Nc6 11. Nxc6 bxc6 12. O-O-O Rb8 13. Bc4 Qe5 14. Rhf1 h5 15. Kb1 g4 16. Bb3 a5 17. Qf2 Rb7 18. Rd3 Bg7 19. Rfd1 Rd7 20. h3 Ba6 21. R3d2 g3 22. Qb6 Bb5 23. a4 Bh6 24. axb5 Bxd2 25. bxc6 Rd8 26. c7 Rc8 27. Rxd2 d5 28. fxe6 fxe6 29. Nxd5 exd5 30. Rxd5 Qxe4 31. Qc6+ Kf8 32. Qf6+ Ke8 33. Re5+ Qxe5 34. Qxe5+ 1-0


[Site "https://www.chess.com"]

[Event "Titled Tuesday Blitz November 08 Late 2022"]
[White "Piesik, Piotr"]
[Black "Bogaudinov, Rushan"]
[WhiteFideId "1136194"]
[BlackFideId "4129288"]
[WhiteElo "2316"]
[BlackElo "1997"]
[Result "1-0"]
[Round "02"]
[TimeControl "180+1"]
[Date "2022.11.09"]
[WhiteClock "0:00:31"]
[BlackClock "0:00:06"]

1. Nf3 g6 2. g3 Bg7 3. d4 d5 4. Bg2 Nf6 5. O-O c6 6. c4 dxc4 7. a4 O-O 8. Na3 Nbd7 9. Nxc4 Nb6 10. Nce5 Nfd7 11. Nd3 a5 12. e3 Re8 13. b3 Nd5 14. Ba3 N7f6 15. Nfe5 Bf5 16. Nc5 Qc7 17. e4 Nc3 18. Qe1 Ncxe4 19. Nxe4 Nxe4 20. Bxe4 Be6 21. Qc3 f6 22. Nd3 Bf7 23. Rad1 Rad8 24. Bg2 h5 25. Rfe1 h4 26. Nc5 e5 27. dxe5 Rxd1 28. Rxd1 Rxe5 29. Nd3 Re8 30. Nf4 f5 31. Qc2 g5 32. Nd5 Qe5 33. Ne3 Bg6 34. Nc4 Qc3 35. Qxc3 Bxc3 36. Bb2 Bb4 37. Bf1 hxg3 38. hxg3 f4 39. Bd3 Bxd3 40. Rxd3 Re2 41. Bc3 fxg3 42. Rxg3 b5 43. Bxb4 axb4 44. axb5 cxb5 45. Rxg5+ Kf7 46. Rxb5 Re1+ 47. Kg2 Rb1 48. Rxb4 Ke6 49. Ne3 Kd6 50. Rb8 Kc7 51. Rb5 Kc6 52. Rb4 Kc5 53. Rc4+ Kb5 54. Rc3 Kb4 55. Rd3 Ra1 56. f4 Ra8 57. Kf3 Rf8 58. f5 Kc5 59. Kf4 Rb8 60. f6 Kc6 61. Kf5 Rb5+ 62. Kg6 Rb4 63. f7 Rf4 64. Nf5 Rg4+ 65. Kf6 Rg2 66. f8=Q Re2 67. Qc8+ Kb5 68. Qc4+ Kb6 69. Rd6+ Kb7 70. Qb5+ Kc8 71. Qc6+ 1-0


[Site "https://www.chess.com"]

[Event "Titled Tuesday Blitz November 08 Late 2022"]
[White "Pinheiro, Iung Alicio de O."]
[Black "Stoyanov, Tsvetan"]
[WhiteFideId "2104350"]
[BlackFideId "2917173"]
[WhiteElo "2283"]
[BlackElo "2349"]
[Result "1-0"]
[Round "02"]
[TimeControl "180+1"]
[Date "2022.11.09"]
[WhiteClock "0:00:11"]
[BlackClock "0:00:02"]

1. e4 c5 2. Nf3 d6 3. Nc3 Nf6 4. e5 dxe5 5. Nxe5 Nbd7 6. d4 e6 7. Bb5 a6 8. Bxd7+ Bxd7 9. Bg5 Qc7 10. Bxf6 gxf6 11. Nxd7 Qxd7 12. d5 O-O-O 13. dxe6 Qxe6+ 14. Qe2 Qc6 15. O-O Bd6 16. Rad1 Rhg8 17. Qe4 Qxe4 18. Nxe4 Be7 19. Ng3 Rg5 20. Rfe1 Re5 21. Kf1 Rxd1 22. Rxd1 c4 23. Rd4 b5 24. Rh4 Kd7 25. Rxh7 Ke6 26. Ne2 b4 27. Rh4 Ra5 28. Rxc4 Rxa2 29. Nf4+ Kf5 30. b3 Bd6 31. Nd3 a5 32. g4+ Ke6 33. h4 Ra1+ 34. Kg2 f5 35. g5 f6 36. g6 Bf8 37. h5 Bh6 38. Rc7 Ra2 39. Rh7 Bf8 40. h6 Rxc2 41. g7 Bxg7 42. Rxg7 Rc3 43. h7 1-0


[Site "https://www.chess.com"]

[Event "Titled Tuesday Blitz November 08 Late 2022"]
[White "Pniaczek, Marek"]
[Black "Harvey, Marcus R"]
[WhiteFideId "21800421"]
[BlackFideId "400092"]
[WhiteElo "2138"]
[BlackElo "2457"]
[Result "0-1"]
[Round "02"]
[TimeControl "180+1"]
[Date "2022.11.09"]
[WhiteClock "0:00:06"]
[BlackClock "0:00:12"]

1. e4 e5 2. Nf3 Nc6 3. Bc4 Nf6 4. d4 exd4 5. e5 d5 6. Bb5 Ne4 7. Nxd4 Bd7 8. Bxc6 bxc6 9. O-O Bc5 10. f3 Ng5 11. Be3 O-O 12. f4 Ne4 13. Nd2 Bxd4 14. Bxd4 c5 15. Nxe4 cxd4 16. Nc5 Bf5 17. Rf2 d3 18. Nxd3 d4 19. Qd2 Qd5 20. b3 a5 21. Nb2 Rfd8 22. Rd1 g6 23. a4 Be6 24. Nc4 Qc5 25. Nb2 Rd5 26. Nd3 Qa3 27. f5 Bxf5 28. Rxf5 gxf5 29. Qg5+ Kh8 30. Qf6+ Kg8 31. Nf4 Rd7 32. Nh5 Qf8 33. Rd3 f4 34. Nxf4 Qg7 35. Rg3 Qxg3 36. hxg3 Rad8 37. Nh5 Kf8 38. Qh8+ Ke7 39. Qf6+ Ke8 40. e6 fxe6 41. Ng7+ Rxg7 42. Qxg7 c5 43. Qg8+ Ke7 44. Qxh7+ Kd6 45. Qe4 e5 46. Qb7 Rd7 47. Qb6+ Kd5 48. g4 e4 49. g5 e3 50. Qb5 Re7 51. Qc4+ Ke5 52. g6 Kf6 53. Kf1 Kxg6 54. Ke2 Re5 55. Qa6+ Kf5 56. Qxa5 Ke4 57. Qa8+ Kf4 58. Qf8+ Rf5 59. Qb8+ Ke4 60. Qb7+ Ke5 61. Qc7+ Kd5 62. Qd7+ Ke5 63. Qe7+ Kd5 64. Kd3 Rf2 65. a5 Rd2# 0-1


[Site "https://www.chess.com"]

[Event "Titled Tuesday Blitz November 08 Late 2022"]
[White "Polster, Christian"]
[Black "D`Arruda, Ricardo D."]
[WhiteFideId "12965081"]
[BlackFideId "100692"]
[WhiteElo "2209"]
[BlackElo "2519"]
[Result "1-0"]
[Round "02"]
[TimeControl "180+1"]
[Date "2022.11.09"]
[WhiteClock "0:00:40"]
[BlackClock "0:01:55"]

1. e4 c5 2. Nc3 e6 3. Nge2 Nc6 4. g3 Nf6 5. Bg2 Rb8 6. d4 cxd4 7. Nxd4 a6 8. Nxc6 bxc6 9. e5 Nd5 10. Ne4 d6 11. Bg5 Qa5+ 12. Bd2 Qc7 13. c4 Nb4 14. exd6 Bxd6 15. Bc3 Be5 16. a3 Nd5 17. cxd5 1-0


[Site "https://www.chess.com"]

[Event "Titled Tuesday Blitz November 08 Late 2022"]
[White "Postnikov, Daniil"]
[Black "Fernandez Guillen, Ernesto J."]
[WhiteFideId "4166329"]
[BlackFideId "3512428"]
[WhiteElo "2552"]
[BlackElo "2798"]
[Result "1-0"]
[Round "02"]
[TimeControl "180+1"]
[Date "2022.11.09"]
[WhiteClock "0:00:12"]
[BlackClock "0:00:04"]

1. e4 e5 2. f4 exf4 3. Nf3 g5 4. h4 g4 5. Ne5 d5 6. exd5 Qxd5 7. d4 Qe4+ 8. Qe2 Qxe2+ 9. Bxe2 f3 10. gxf3 g3 11. Nc3 Nf6 12. Rg1 Rg8 13. Bg5 Be7 14. O-O-O h6 15. Bxh6 g2 16. Bc4 Be6 17. d5 Bh3 18. d6 Bxd6 19. Bxf7+ Ke7 20. Bxg8 Nxg8 21. Bg5+ Ke6 22. Ng4 Nc6 23. Ne4 Rf8 24. Nxd6 cxd6 25. Nf2 Bf5 26. Rxg2 Ne5 27. Ne4 Nxf3 28. Nxd6 Bh7 29. Re2+ Kd7 30. Nxb7+ Kc7 31. Nc5 Rf5 32. b4 Kc6 33. a4 Ne5 34. Bf4 Rxf4 35. Rxe5 Nf6 36. Re6+ Kc7 37. Rdd6 a5 38. Rxf6 Rc4 39. Rc6+ Kd8 40. Ne6+ Ke7 41. Rxc4 axb4 42. Ng5 b3 43. Nxh7 1-0


[Site "https://www.chess.com"]